 Dungeon Crawl Stone Soup version 0.26-a0-664-gc8b27b8fc1 (webtiles) character file.

Game seed: 15188266462298530092

41 Conn the Sneak (level 3, -3/21 HPs)
             Began as an Octopode Hedge Wizard on Oct 13, 2020.
             Slain by a bullfrog (8 damage)
             ... on level 2 of the Dungeon.
             The game lasted 00:02:38 (1504 turns).

Conn the Sneak (Octopode Hedge Wizard)              Turns: 1504, Time: 00:02:38

Health: -3/21      AC:  1    Str:  9    XL:     3   Next: 52%
Magic:  3/7        EV: 13    Int: 17    God:
Gold:   20         SH:  0    Dex: 11    Spells: 0/8 levels left

rFire    . . .     SeeInvis .   c - +0 short sword
rCold    . . .     Faith    .   (no shield)
rNeg     . . .     Spirit   .   b - +0 hat
rPois    .         Reflect  .   (no amulet)
rElec    .         Harm     .   (no ring)
rCorr    .         Rampage  .   (no ring)
MR       .....                  (no ring)
Stlth    +++.......             (no ring)
HPRegen  0.07/turn              (no ring)
MPRegen  0.10/turn              (no ring)
                                (no ring)
                                (no ring)

@: no status effects
A: almost no armour, stealthy swim, amphibious, 8 rings, constrict 8, camouflage
1, gelatinous body 1
a: no special abilities


You were on level 2 of the Dungeon.
You visited 1 branch of the dungeon, and saw 2 of its levels.

You collected 20 gold pieces.

Inventory:

Hand Weapons
 a - a +0 dagger
 c - a +0 short sword (weapon)
Armour
 b - a +0 hat (worn)
Scrolls
 d - a scroll of blinking {unknown}


   Skills:
 + Level 0.2 Fighting
 + Level 1.0 Short Blades
 + Level 2.5 Dodging
 + Level 3.5 Stealth
 * Level 3.3 Spellcasting
 * Level 1.0 Conjurations
 + Level 1.0 Summonings
 + Level 1.0 Translocations


You couldn't memorise any spells.
You knew the following spells:

 Your Spells              Type           Power        Failure   Level
a - Magic Dart            Conj           #...         11%         1
b - Blink                 Tloc           N/A          17%         2
c - Call Imp              Summ           #.......     17%         2
d - Conjure Flame         Conj/Fire      #.......     38%         3

Your spell library contained the following spells:

 Spells                   Type           Power        Failure   Level
 Slow                     Hex            #.......     26%         2
 Mephitic Cloud           Conj/Pois/Air  #.......     41%         3


Dungeon Overview and Level Annotations

Branches:
Dungeon (2/15)

Altars:
Ashenzari


Innate Abilities, Weirdness & Mutations

You cannot wear most types of armour.
You are very stealthy in the water. (Stealth+)
You are amphibious.
You can wear up to eight rings at the same time.
You can use your tentacles to constrict eight enemies at once.
Your skin changes colour to match your surroundings (Stealth+).
Your rubbery body absorbs attacks. (AC +1, EV +1)


Message History

Found a hunting sling.
The helpless bullfrog fails to defend itself.
You puncture the bullfrog! Your grab misses the bullfrog.
Your squeeze misses the bullfrog.
The bullfrog is heavily wounded.
The bullfrog hits you. x2
Casting: Magic Dart (safe; 11% risk of failure)
Confirm with . or Enter, or press ? or * to list all spells.
A beastly little devil appears in a puff of frigid air.
The bullfrog barely misses you. The bullfrog hits you.
* * * LOW HITPOINT WARNING * * *
You aren't carrying any potions.
Okay, then.
Casting: Call Imp (safe; 17% risk of failure)
Confirm with . or Enter, or press ? or * to list all spells.
You blink.
The bullfrog snags a nearby spider with its tongue.
The bullfrog hits you!
You die...

.. .. #.
##.#### # ..
..# ####.#. #.#
...)...##ยง####
.......5F....#
##.#.....@##.#
########.#.##
#.###<# ##.#.##
##.## #.# #.#
#.# #.#


You could see a bullfrog and a friendly white imp (summoned).

Vanquished Creatures
  5 dart slugs (D:1)
  2 leopard geckos (D:1)
  A giant cockroach (D:1)
  4 goblins (D:1)
  5 hobgoblins (D:1)
  4 bats (D:1)
  4 kobolds (D:1)
  3 rats (D:1)
28 creatures vanquished.

Vanquished Creatures (others)
  12 toadstools (D:2)
12 creatures vanquished.

Grand Total: 40 creatures vanquished

Notes
Turn   | Place    | Note
-------+----------+-------------------------------------------
     0 | D:1      | Conn the Octopode Hedge Wizard began the quest for the Orb.
     0 | D:1      | Reached XP level 1. HP: 11/11 MP: 4/4
    83 | D:1      | Found a broken altar of Ashenzari.
   110 | D:1      | Reached XP level 2. HP: 14/17 MP: 6/6
   912 | D:1      | Reached XP level 3. HP: 21/21 MP: 1/7
  1045 | D:1      | Reached skill level 1 in Short Blades
  1309 | D:1      | Learned a level 2 spell: Blink
  1312 | D:1      | Learned a level 2 spell: Call Imp
  1316 | D:1      | Learned a level 3 spell: Conjure Flame
  1494 | D:2      | Noticed a bullfrog
  1504 | D:2      | Slain by a bullfrog

Illustrated notes

Levels and vault maps discovered:
D:1:      noname_arrival_rooms_in_the_neighbourhood, layout_basic,
          nicolae_ashenzari_panopticon
D:2:      cheibrodos_fertilizer, layout_loops_cross,
          nicolae_dithmenos_through_a_glass_darkly

Skill      XL: |  1  2  3 |
---------------+----------+-----
Stealth        | 3 |  3.5
Short Blades   | 1 |  1.0
Fighting       | |  0.2
Dodging        | |  2.5
Spellcasting   | |  3.3
Conjurations   | |  1.0
Summonings     | |  1.0
Translocations | |  1.0

Action                   || total
-------------------------++-------
Melee: Short sword       ||    36
       Constrict         ||    11
       Tentacles         ||     6
       Dagger            ||     1
 Cast: Magic Dart        ||    37
       Blink             ||     1
       Call Imp          ||     1
 Stab: Sleeping          ||     8
Armor: Skin              ||     5
Dodge: Dodged            ||    31

Table legend: (Time is in decaauts)
 A = Elapsed time spent in this place.
 B = Non-inter-level travel time spent in this place.
 C = Inter-level travel time spent in this place.
 D = Time resting spent in this place.
 E = Time spent auto-exploring this place.
 F = Levels seen in this place.
 G = Mean time per level.
                   A        B        C        D        E       F      G
               +--------+--------+--------+--------+--------+-----+--------+
         Total |   1508 |   1508 |      0 |    117 |   1085 |   2 |  754.0 |
       Dungeon |   1508 |   1508 |      0 |    117 |   1085 |   2 |  754.0 |
               +--------+--------+--------+--------+--------+-----+--------+

Top non-repeatable levels by time:
     D:1: 1487 daAuts
     D:2: 20 daAuts
